 Dungeon Crawl Stone Soup version 0.29-a0-559-g359e09b9d1 (webtiles) character file.

Game seed: 15639468696190408316

232 Hubjo the Insei (level 5, 0/41 HPs)
             Began as a Demonspawn Transmuter on June 10, 2022.
             Slain by Grinder (10 damage)
             ... on level 4 of the Dungeon.
             The game lasted 00:06:54 (4141 turns).

Hubjo the Insei (Demonspawn Transmuter)             Turns: 4141, Time: 00:06:54

Health: 0/41       AC:  2    Str: 10    XL:     5   Next: 73%
Magic:  7/9        EV: 12    Int: 15    God:
Gold:   194        SH:  6    Dex: 15    Spells: 4/9 levels left

rFire   . . .      SeeInvis .     - Unarmed
rCold   . . .      Faith    .   (no shield)
rNeg    . . .      Spirit   .   a - +0 robe
rPois   .          Reflect  .   (helmet currently unavailable)
rElec   .          Harm     .   (no cloak)
rCorr   .          Rampage  .   (no gloves)
Will    .....                   (boots currently unavailable)
Stlth   ++........              (no amulet)
HPRegen 0.13/turn               (no ring)
MPRegen 0.11/turn               (no ring)

@: appendages, very slightly contaminated
A: horns 2, talons 2, large bone plates 2, demonic guardian 1, ignite blood 1
a: End Transformation


You were on level 4 of the Dungeon.
You had temporarily grown beastly horns and talons.
You visited 1 branch of the dungeon, and saw 4 of its levels.

You collected 194 gold pieces.

Inventory:

Hand Weapons
 x - the +6 short sword of Gehenna {vorpal, rElec rN++ Int-5}
   (You found it on level 3 of the Dungeon)

   It inflicts extra damage upon your enemies.
   Int:       It affects your intelligence (-5).
   rElec:     It insulates you from electricity.
   rN:        It greatly protects you from negative energy.
Armour
 a - a +0 robe (worn)
Jewellery
 m - a ring of fire
Wands
 r - a wand of mindburst (14)
 u - a wand of polymorph (10)
 v - a wand of charming (4)
Scrolls
 e - a scroll of silence
 g - a scroll of fog {unknown}
 i - a scroll of enchant armour
 j - a scroll of torment
 k - 3 scrolls of enchant weapon {unknown}
 o - 2 scrolls of amnesia {unknown}
 q - a scroll of acquirement {unknown}
 s - a scroll of teleportation {unknown}
 t - 2 scrolls of blinking {unknown}
 w - a scroll of noise {unknown}
 y - a scroll of identify
Potions
 b - a potion of lignification
 c - a potion of magic {unknown}
 d - a potion of mutation {unknown}
 f - 2 potions of attraction {unknown}
 h - a potion of curing {unknown}
 l - 2 potions of heal wounds {unknown}
 n - a potion of ambrosia {unknown}
 p - a potion of haste {unknown}
 z - a potion of might {unknown}


   Skills:
 + Level 3.0 Fighting
 - Level 1.7 Dodging
 + Level 1.9 Stealth
 + Level 3.3 Unarmed Combat
 + Level 2.8 Spellcasting
 * Level 2.9 Transmutations
 + Level 1.0 Ice Magic


You had 4 spell levels left.
You knew the following spells:

 Your Spells              Type           Power      Damage    Failure   Level
a - Beastly Appendage     Tmut           22%        N/A       6%          1
b - Ice Form              Ice/Tmut       8%         N/A       65%         4

Your spell library contained the following spells:

 Spells                   Type           Power      Damage    Failure   Level
 Wereblood                Tmut           11%        N/A       9%          2
 Scorch                   Fire           4%         2d5       30%         2
 Sublimation of Blood     Necr           2%         N/A       30%         2
 Spider Form              Tmut/Pois      6%         N/A       32%         3
 Flame Wave               Conj/Fire      2%         2d4       90%         4
 Summon Cactus Giant      Summ           1%         N/A       100%        6
 Summon Hydra             Summ           1%         N/A       100%        7


Dungeon Overview and Level Annotations

Branches:
Dungeon (4/15)
 Temple: D:4-7

Altars:
Ashenzari
Elyvilon
Nemelex Xobeh
Okawaru
Ru

Annotations:
D:4 Grinder


Innate Abilities, Weirdness & Mutations

You have temporarily grown beastly horns and talons.
You are mostly covered in large bone plates. (SH +6)
A weak demonic guardian rushes to your aid.
Your demonic aura sometimes causes spilled blood to erupt in flames.


Message History

Your horns disappear.
Your talons disappear.
Grinder hits you.
You writhe in agony.
A demonic guardian appears!
Grinder hits you!
You writhe in agony.
* * * LOW HITPOINT WARNING * * *
Your white imp hits Grinder.
Your white imp freezes Grinder.
Grinder completely resists.
You can move again.
You barely miss Grinder.
Grinder is heavily wounded.
Grinder blinks!
You are too injured to fight recklessly!
Grinder is nearby!
Grinder is nearby!
You are too injured to fight recklessly!
Casting: Beastly Appendage (safe; 6% risk of failure)
Confirm with . or Enter, or press ? or * to list all spells.
You miscast Beastly Appendage.
You are very lightly contaminated with residual magic.
Nothing appears to happen.
Casting: Beastly Appendage (safe; 6% risk of failure)
Confirm with . or Enter, or press ? or * to list all spells.
You grow a pair of large bovine horns.
Your feet morph into talons.
You barely miss Grinder. Your kick misses Grinder.
Grinder is heavily wounded.
Your white imp hits Grinder.
Your white imp freezes Grinder.
Grinder completely resists.
Grinder hits you.
* * * LOW HITPOINT WARNING * * *
You writhe in agony.
* * * LOW HITPOINT WARNING * * *
You hit Grinder. You claw Grinder, but do no damage.
Grinder is severely wounded.
Your white imp gestures at Grinder.
The puff of frost hits Grinder.
Grinder resists.
Grinder hits your white imp!
You hit Grinder but do no damage. Your kick misses Grinder.
Grinder is severely wounded.
Your white imp closely misses Grinder.
You barely miss Grinder. You claw Grinder, but do no damage.
Grinder is severely wounded.
Grinder hits you!
You die...

#.......#..#...#
#.......#....##.
#.......#....#.#
#.......#..##.## ..
#.......+..#)#.. ...
.......#..###..
....#+###.......##......
.........#+##.......<...
.......@.#..#...........
........5#..#...........
........5...#...........
##########....##########
#....# #....+ #....#
#....# ###...


You could see Grinder (ally target) and a friendly white imp (summoned).

Vanquished Creatures
  An ogre (D:4)
  An orc wizard (D:4)
  Ijyb (D:3)
  2 adders
  A dart slug (D:2)
  An orc (D:4)
  6 endoplasms
  4 giant cockroaches
  9 goblins
  8 hobgoblins
  3 jackals (D:3)
  5 quokkas
  10 ball pythons
  3 bats
  3 frilled lizards
  4 kobolds
  5 rats
67 creatures vanquished.

Vanquished Creatures (collateral kills)
  A bat (D:2)
  A hobgoblin (D:4)
2 creatures vanquished.

Grand Total: 69 creatures vanquished

Notes
Turn   | Place    | Note
-------+----------+-------------------------------------------
     0 | D:1      | Hubjo the Demonspawn Transmuter began the quest for the
                  | Orb.
     0 | D:1      | Reached XP level 1. HP: 15/15 MP: 3/3
   621 | D:1      | Gained mutation: A weak demonic guardian rushes to your
                  | aid. [demonic ancestry]
   621 | D:1      | Reached XP level 2. HP: 6/21 MP: 3/5
  1829 | D:2      | Gained mutation: You are partially covered in large bone
                  | plates. (SH +4) [demonic ancestry]
  1829 | D:2      | Reached XP level 3. HP: 25/27 MP: 4/6
  2046 | D:2      | Reached skill level 1 in Stealth
  2533 | D:3      | Found a broken altar of Ashenzari.
  2848 | D:3      | Found an iron altar of Okawaru.
  2937 | D:3      | Noticed Ijyb
  2957 | D:3      | Killed Ijyb
  2958 | D:3      | Gained mutation: You are mostly covered in large bone
                  | plates. (SH +6) [demonic ancestry]
  2958 | D:3      | Reached XP level 4. HP: 32/34 MP: 7/7
  2991 | D:3      | Identified the +6 short sword of Gehenna {vorpal, rElec
                  | rN++ Int-5}
  3420 | D:3      | Found a sparkling altar of Nemelex Xobeh.
  3508 | D:4      | Learned a level 4 spell: Ice Form
  3536 | D:4      | Found a sacrificial altar of Ru.
  3744 | D:4      | Noticed an ogre
  3754 | D:4      | Killed an ogre
  3755 | D:4      | Gained mutation: Your demonic aura sometimes causes spilled
                  | blood to erupt in flames. [demonic ancestry]
  3755 | D:4      | Reached XP level 5. HP: 9/40 MP: 7/9
  4107 | D:4      | Reached skill level 1 in Ice Magic
  4117 | D:4      | Noticed Grinder
  4132 | D:4      | Paralysed by Grinder for 3 turns
  4141 | D:4      | Slain by Grinder

Illustrated notes

Levels and vault maps discovered:
D:1:      dpeg_arrival_refuge, layout_basic
D:2:      layout_basic, minmay_quantized
D:3:      kennysheep_goblin_castle, layout_rooms, mainiacjoe_overflow_swirl,
          lemuel_crystal_altar, mainiacjoe_overflow_24_doors, st_stairs_6
D:4:      layout_gridville, nicolae_ru_great_annihilating_truth, minmay_vboxes,
          uniq_ijyb, uniq_grinder

Skill      XL: |  1  2  3  4  5 |
---------------+----------------+-----
Transmutations | 2 |  2.9
Stealth        | 1 |  1.9
Fighting       | 2 3 |  3.0
Unarmed Combat | 3 |  3.3
Ice Magic      | 1 |  1.0
Dodging        | |  1.7
Spellcasting   | |  2.8

Action                   |  1- 3 |  4- 6 || total
-------------------------+-------+-------++-------
Melee: Unarmed           |   126 |    59 ||   185
       Headbutt          |    15 |    10 ||    25
       Kick              |    18 |    14 ||    32
       Punch             |     1 |       ||     1
 Cast: Beastly Appendage |    33 |    12 ||    45
  Use: Scroll            |     3 |       ||     3
 Stab: Sleeping          |     5 |     4 ||     9
Armor: Robe              |    12 |     9 ||    21
       Skin              |    13 |     1 ||    14
Dodge: Dodged            |    90 |    26 ||   116
Block: Other             |     8 |    12 ||    20

Table legend: (Time is in decaauts)
 A = Elapsed time spent in this place.
 B = Non-inter-level travel time spent in this place.
 C = Inter-level travel time spent in this place.
 D = Time resting spent in this place.
 E = Time spent auto-exploring this place.
 F = Levels seen in this place.
 G = Mean time per level.
                   A        B        C        D        E       F      G
               +--------+--------+--------+--------+--------+-----+--------+
         Total |   4129 |   3979 |    150 |      0 |   3481 |   4 | 1032.2 |
       Dungeon |   4129 |   3979 |    150 |      0 |   3481 |   4 | 1032.2 |
               +--------+--------+--------+--------+--------+-----+--------+

Top non-repeatable levels by time:
     D:1: 1348 daAuts
     D:2: 1135 daAuts
     D:3: 1006 daAuts
     D:4: 638 daAuts
